 Dungeon Crawl Stone Soup version 0.29-a0-284-gf9362112df (webtiles) character file.

Game seed: 13546449230283600270

32 avis the Ruffian (level 3, -1/33 HPs)
             Began as a Hill Orc Monk on Mar 20, 2022.
             Slain by a goblin
             ... wielding a +0 club
             ... led by Robin
              (3 damage)
             ... on level 2 of the Dungeon.
             The game lasted 00:05:41 (1495 turns).

avis the Ruffian (Hill Orc Monk)                    Turns: 1495, Time: 00:05:41

Health: -1/33      AC:  4    Str: 15    XL:     3   Next: 25%
Magic:  3/3        EV: 12    Int: 10    God:
Gold:   63         SH:  0    Dex: 13    Spells: 2/2 levels left

rFire   . . .      SeeInvis .     - Unarmed
rCold   . . .      Faith    .   (no shield)
rNeg    + . .      Spirit   .   c - +1 leather armour {rN+}
rPois   .          Reflect  .   (no helmet)
rElec   .          Harm     .   (no cloak)
rCorr   .          Rampage  .   (no gloves)
Will    .....                   (no boots)
Stlth   ++........              (no amulet)
HPRegen 0.11/turn               j - ring of wizardry
MPRegen 0.08/turn               (no ring)

@: no status effects
A: no striking features
a: no special abilities


You were on level 2 of the Dungeon.
You visited 1 branch of the dungeon, and saw 2 of its levels.

You collected 63 gold pieces.

Inventory:

Missiles
 h - 21 stones (quivered)
 n - 3 poisoned darts
Armour
 a - a +0 robe
 c - a +1 leather armour of positive energy (worn)
Magical Staves
 i - a staff of death
Jewellery
 j - a ring of wizardry (left hand)
Scrolls
 e - a scroll of identify {unknown}
 f - a scroll of teleportation {unknown}
 k - a scroll of amnesia {unknown}
 l - a scroll of blinking {unknown}
Potions
 b - a potion of ambrosia
 d - a potion of might {unknown}
 g - a potion of lignification {unknown}
 m - a potion of mutation {unknown}
 o - a potion of curing {unknown}


   Skills:
 - Level 4.0 Fighting
 - Level 2.4 Dodging
 - Level 1.5 Stealth
 * Level 4.4 Unarmed Combat


You had 2 spell levels left.
You didn't know any spells.
Your spell library was empty.

Dungeon Overview and Level Annotations

Branches:
Dungeon (2/15)

Altars:
Kikubaaqudgha

Annotations:
D:2 Robin


Message History

You hit Robin.
Robin is lightly wounded.
Robin says, "A pitiful Hill Orc like you will never find the ORB!"
Robin hits you with a +4 club.
You hit Robin.
Robin is moderately wounded.
Robin hits you with a +4 club.
You closely miss Robin. Your punch misses Robin.
Robin is moderately wounded.
Robin says, "Feeling lonely?"
Robin barely misses you. Robin attacks as you move away!
Robin barely misses you. Robin throws the goblin at you!
The goblin hits you but does no damage. The goblin barely misses you.
The goblin attacks as you move away! The goblin barely misses you.
Robin throws the goblin at you! The goblin hits you but does no damage.
The goblin barely misses you. The goblin barely misses you. x2
The goblin attacks as you move away! The goblin hits you with a +0 club. x2
The goblin attacks as you move away! The goblin hits you with a +0 club.
Robin throws the goblin at you!
* * * LOW HITPOINT WARNING * * *
A goblin comes into view. It is wielding a +0 club.
The goblin hits you but does no damage.
The goblin shouts!
You hit the goblin.
You kill the goblin!
You hear a shout!
The goblin hits you with a +0 club.
* * * LOW HITPOINT WARNING * * *
Robin throws the goblin at you!
* * * LOW HITPOINT WARNING * * *
Things that are here:
a +0 club; a goblin corpse You hit the goblin.
The goblin is heavily wounded.
The goblin hits you with a +0 club.
* * * LOW HITPOINT WARNING * * *
The goblin hits you with a +0 club.
You die...

...........####.......#...
......................+...
..................... ###.
#...........#.............
............#....########.
....####gg..#..g..# #.
........#g#.#.....# #####.
#.....#g#.#.....##......
#.....#@#.#.............
#.....#g#.##.##...).....
#.###.#.#....##.........
#. #.#.#...............
.#.#.#...............
.....#.#...............
.......................
.......................
.......................


You could see Robin, a hobgoblin and 3 goblins.

Vanquished Creatures
  2 ball pythons (D:2)
  4 endoplasms
  3 giant cockroaches (D:1)
  4 goblins (D:2)
  4 hobgoblins
  2 kobolds
  2 quokkas (D:1)
  A bat (D:1)
  2 frilled lizards
  2 rats
26 creatures vanquished.

Notes
Turn   | Place    | Note
-------+----------+-------------------------------------------
     0 | D:1      | avis the Hill Orc Monk began the quest for the Orb.
     0 | D:1      | Reached XP level 1. HP: 19/19 MP: 1/1
   238 | D:1      | Reached XP level 2. HP: 17/27 MP: 2/2
  1032 | D:2      | Found an ancient bone altar of Kikubaaqudgha.
  1347 | D:2      | Reached XP level 3. HP: 29/33 MP: 3/3
  1442 | D:2      | Identified the +2 helmet of Trumpets {Rampage Drain Str+6}
  1442 | D:2      | Noticed Robin
  1495 | D:2      | Slain by a goblin

Illustrated notes

Levels and vault maps discovered:
D:1:      tarquinn_simple_flora_water_e, layout_basic
D:2:      layout_basic, basic_altar, hellmonk_ecumenical_altar_crossroads,
          uniq_robin

Skill      XL: |  1  2 |
---------------+-------+-----
Fighting       | 4 |  4.0
Unarmed Combat | 4 |  4.4
Dodging        | |  2.4
Stealth        | |  1.5

Action                   || total
-------------------------++-------
Melee: Unarmed           ||   104
       Punch             ||     1
 Stab: Sleeping          ||     3
Armor: Leather armour    ||    21
Dodge: Dodged            ||    62

Table legend: (Time is in decaauts)
 A = Elapsed time spent in this place.
 B = Non-inter-level travel time spent in this place.
 C = Inter-level travel time spent in this place.
 D = Time resting spent in this place.
 E = Time spent auto-exploring this place.
 F = Levels seen in this place.
 G = Mean time per level.
                   A        B        C        D        E       F      G
               +--------+--------+--------+--------+--------+-----+--------+
         Total |   1489 |   1424 |     65 |    360 |    703 |   2 |  744.5 |
       Dungeon |   1489 |   1424 |     65 |    360 |    703 |   2 |  744.5 |
               +--------+--------+--------+--------+--------+-----+--------+

Top non-repeatable levels by time:
     D:1: 994 daAuts
     D:2: 494 daAuts
